 Dungeon Crawl Stone Soup version 0.27-a0-1565-gad902ab807 (webtiles) character file.

Game seed: 7412173438822361485

114 BorisBritva the Sneak (level 4, -9/29 HPs)
             Began as an Octopode Brigand on July 16, 2021.
             Mangled by an orc priest (10 damage)
             ... on level 4 of the Dungeon.
             The game lasted 00:04:25 (2659 turns).

BorisBritva the Sneak (Octopode Brigand)            Turns: 2659, Time: 00:04:26

Health: -9/29      AC:  1    Str: 10    XL:     4   Next: 98%
Magic:  4/4        EV: 13    Int: 13    God:
Gold:   58         SH:  0    Dex: 14    Spells: 3/3 levels left

rFire    . . .     SeeInvis .   k - +2 dagger (venom)
rCold    . . .     Faith    .   (no shield)
rNeg     . . .     Spirit   .   (helmet restricted)
rPois    .         Reflect  .   (no amulet)
rElec    .         Harm     .   (no ring)
rCorr    .         Rampage  .   (no ring)
Will     .....                  (no ring)
Stlth    +++++.....             (no ring)
HPRegen  0.09/turn              (no ring)
MPRegen  0.09/turn              (no ring)
                                (no ring)
                                (no ring)

@: no status effects
A: almost no armour, amphibious, 8 rings, camouflage 1, gelatinous body 1,
(nimble swimmer 1), tentacles
a: no special abilities


You were on level 4 of the Dungeon.
You visited 1 branch of the dungeon, and saw 4 of its levels.

You collected 58 gold pieces.

Inventory:

Hand Weapons
 a - a +2 dagger
 k - a +2 dagger of venom (weapon)
Missiles
 b - 8 poisoned darts (quivered)
 c - 2 curare-tipped darts
Scrolls
 d - a scroll of blinking
 e - a scroll of fear {unknown}
 f - a scroll of fog {unknown}
 h - a scroll of amnesia
 j - a scroll of teleportation {unknown}
 l - a scroll of silence {unknown}
Potions
 g - a potion of degeneration {unknown}
 m - a potion of curing


   Skills:
 + Level 2.2 Fighting
 + Level 2.4 Short Blades
 - Level 2.0 Throwing
 + Level 1.3 Dodging
 + Level 7.8 Stealth


You had 3 spell levels left.
You didn't know any spells.
Your spell library contained the following spells:

 Spells                   Type           Power      Damage    Failure   Level
 Dazzling Flash           Conj/Hex       0%         N/A       67%         3
 Ignite Poison            Fire/Tmut/Pois 0%         N/A       67%         3
 Mephitic Cloud           Conj/Pois/Air  0%         N/A       67%         3
 Iskenderun's Mystic Bla  Conj/Tloc      0%         2d3       97%         4
 Bolt of Magma            Conj/Fire/Erth 0%         4d4       100%        5
 Starburst                Conj/Fire      0%         8x6d3     100%        6


Dungeon Overview and Level Annotations

Branches:
Dungeon (4/15)
 Temple: D:4-7

Altars:

Shops:
D:3 =


Innate Abilities, Weirdness & Mutations

You cannot wear most types of armour.
You are amphibious.
You can wear up to eight rings at the same time.
Your skin changes colour to match your surroundings (Stealth+).
Your rubbery body absorbs attacks. (AC +1, EV +1)
((You are camouflaged near water. (Stealth+)))
You have tentacles for arms and can constrict up to eight enemies at once.


Message History

You are confused.
You are too confused!
You are too confused!
You are too confused!
You are too confused!
You bump into the rock wall.
The orc wizard closely misses you.
You see here a +0 flail.
You bump into the rock wall.
The orc wizard hits you with a +0 dagger.
The orc wizard mumbles some strange words.
The orc wizard flickers and vanishes!
Deactivating autopickup; reactivate with Ctrl-A.
You feel less confused.
The orc priest calls down the wrath of Beogh upon you.
Beogh smites you! Something hits you.
* * * LOW HITPOINT WARNING * * *
You see here a +0 flail.
You hit something.
Reactivating autopickup.
You feel a bit more experienced.
You closely miss the orc priest. Your grab misses the orc priest.
The orc priest hits you with a +0 war axe!
* * * LOW HITPOINT WARNING * * *
You hit the orc priest but do no damage.
The orc priest is poisoned.
You grab the orc priest.
You constrict the orc priest, but do no damage.
The orc priest closely misses you.
You hit the orc priest but do no damage.
You constrict the orc priest, but do no damage.
The orc priest barely misses you.
You hit the orc priest but do no damage.
The orc priest looks as sick as possible!
You squeeze the orc priest, but do no damage.
You constrict the orc priest. The orc priest barely misses you.
You hit the orc priest but do no damage.
The orc priest looks as sick as possible!
The orc priest is heavily wounded.
You constrict the orc priest, but do no damage.
The orc priest hits you with a +0 war axe!
You die...

...#.....# ...#.....#
.........#
.........############
.(..#...............#
....###############.#
....# ########.#
###.# #..)o.##.# ###
###.######
#.###@##.####.#
.........#
#.##......#
###.####.##
#.##..###.#
#<......... #.##..#
#.# ....####.##
#.##..###.# .#..#
#.#.......# .......
#.####.#### .#######
#.####.# ## #......#


You could see an orc priest (extremely poisoned).

Vanquished Creatures
  An orc wizard (D:4)
  An adder (D:2)
  An adder skeleton (D:4)
  3 worms
  A dart slug (D:2)
  10 orcs
  5 ball pythons
  10 bats
  4 endoplasms
  2 giant cockroaches
  6 goblins
  2 hobgoblins (D:1)
  2 quokkas
  3 frilled lizards
  4 kobolds
  4 rats
59 creatures vanquished.

Notes
Turn   | Place    | Note
-------+----------+-------------------------------------------
     0 | D:1      | BorisBritva the Octopode Brigand began the quest for the
                  | Orb.
     0 | D:1      | Reached XP level 1. HP: 14/14 MP: 1/1
   123 | D:1      | Reached XP level 2. HP: 19/19 MP: 2/2
   140 | D:1      | Reached skill level 6 in Stealth
   421 | D:1      | Found a faded altar of an unknown god.
   663 | D:2      | Reached XP level 3. HP: 24/24 MP: 3/3
  1610 | D:3      | Reached skill level 7 in Stealth
  1676 | D:3      | Found Niojimui's Jewellery Boutique.
  1794 | D:3      | Reached XP level 4. HP: 29/29 MP: 4/4
  2655 | D:4      | HP: 1/29 [orc priest (7)]
  2659 | D:4      | Mangled by an orc priest

Illustrated notes

Levels and vault maps discovered:
D:1:      minmay_arrival_five_plusses, layout_rooms,
          ebering_ecumenical_altar_mist
D:2:      layout_basic
D:3:      layout_basic, serial_shops, nicolae_shop_stone
D:4:      layout_basic

Skill      XL: |  1  2  3 |
---------------+----------+-----
Stealth        | 6 7 |  7.8
Fighting       | |  2.2
Short Blades   | |  2.4
Throwing       | |  2.0
Dodging        | |  1.3

Action                   |  1- 3 |  4- 6 || total
-------------------------+-------+-------++-------
Melee: Dagger            |    58 |    43 ||   101
       Constrict         |     8 |    13 ||    21
       Tentacles         |     4 |     7 ||    11
  Use: Scroll            |       |     3 ||     3
 Stab: Sleeping          |    23 |     2 ||    25
Armor: Skin              |     5 |     5 ||    10
Dodge: Dodged            |    23 |    18 ||    41

Table legend: (Time is in decaauts)
 A = Elapsed time spent in this place.
 B = Non-inter-level travel time spent in this place.
 C = Inter-level travel time spent in this place.
 D = Time resting spent in this place.
 E = Time spent auto-exploring this place.
 F = Levels seen in this place.
 G = Mean time per level.
                   A        B        C        D        E       F      G
               +--------+--------+--------+--------+--------+-----+--------+
         Total |   2647 |   2475 |    172 |      0 |   2108 |   4 |  661.8 |
       Dungeon |   2647 |   2475 |    172 |      0 |   2108 |   4 |  661.8 |
               +--------+--------+--------+--------+--------+-----+--------+

Top non-repeatable levels by time:
     D:2: 1086 daAuts
     D:3: 966 daAuts
     D:1: 511 daAuts
     D:4: 82 daAuts
